 Dungeon Crawl Stone Soup version 0.27-a0-1525-g1038ab4fd7 (webtiles) character file.

Game seed: 2171635163526239467

2294 bilbop the Sneak (level 9, -1/52 HPs)
             Began as a Kobold Summoner on July 10, 2021.
             Was an Initiate of Ashenzari.
             Succumbed to a kobold brigand's curare-tipped dart
             ... on level 7 of the Dungeon.
             The game lasted 00:52:08 (8948 turns).

bilbop the Sneak (Kobold Summoner)                  Turns: 8948, Time: 00:52:08

Health: -1/52      AC:  6    Str:  5    XL:     9   Next: 67%
Magic:  10/16      EV: 17    Int: 19    God:    Ashenzari [......]
Gold:   328        SH:  0    Dex: 16    Spells: 11/17 levels left

rFire    . . .     SeeInvis +   a - +0 dagger
rCold    . . .     Faith    .   (shield restricted)
rNeg     . . .     Spirit   .   b - +0 robe
rPois    .         Reflect  .   (no helmet)
rElec    .         Harm     .   (no cloak)
rCorr    .         Rampage  .   (no gloves)
Will     .....                  (no boots)
Stlth    ++++......             q - amulet of magic regeneration
HPRegen  0.17/turn              t - +4 ring of protection
MPRegen  0.40/turn              j - ring of see invisible

@: lethally poisoned (-1 -> -6), slowed, very slow
A: small, no large weapons, nightstalker 3
a: Renounce Religion, Curse Item


You were on level 7 of the Dungeon.
You worshipped Ashenzari.
Ashenzari was noncommittal.
You visited 1 branch of the dungeon, and saw 7 of its levels.

You collected 328 gold pieces.

Inventory:

Hand Weapons
 a - a +0 dagger (weapon)
Missiles
 u - 4 atropa-tipped darts
Armour
 b - a +0 robe (worn)
Jewellery
 d - a +6 ring of dexterity
 e - a ring of positive energy
 j - a ring of see invisible (right hand)
 k - a ring of flight
 q - an amulet of magic regeneration (around neck)
 t - a +4 ring of protection (left hand)
Wands
 f - a wand of iceblast (7)
 v - a wand of mindburst (12)
Scrolls
 c - 3 scrolls of fog
 g - a scroll of enchant weapon
 h - 5 scrolls of teleportation
 m - a scroll of fear
 n - 6 scrolls of amnesia
Potions
 i - 3 potions of brilliance
 l - a potion of magic
 o - 2 potions of invisibility
 p - a potion of haste
 r - a potion of cancellation
 s - a potion of resistance


   Skills:
 + Level 4.4 Fighting
 + Level 5.4 Short Blades
 + Level 5.6 Dodging
 + Level 6.6 Stealth
 + Level 4.8 Spellcasting
 + Level 4.2 Hexes
 + Level 5.9 Summonings
 + Level 4.3 Invocations


You had 11 spell levels left.
You knew the following spells:

 Your Spells              Type           Power      Damage    Failure   Level
a - Summon Small Mammal   Summ           100%       N/A       1%          1
b - Call Imp              Summ           27%        N/A       1%          2
c - Call Canine Familiar  Summ           27%        N/A       3%          3

Your spell library contained the following spells:

 Spells                   Type           Power      Damage    Failure   Level
 Corona                   Hex            22%        N/A       2%          1
 Summon Guardian Golem    Hex/Summ       23%        N/A       4%          3
 Tukima's Dance           Hex            20%        N/A       7%          3
 Ensorcelled Hibernation  Hex/Ice        24%        N/A       9%          2
 Apportation              Tloc           8%         N/A       13%         1
 Dazzling Flash           Conj/Hex       24%        N/A       16%         3
 Stone Arrow              Conj/Erth      8%         3d7       36%         3
 Animate Armour           Summ/Erth      30%        N/A       36%         4
 Summon Lightning Spire   Summ/Air       15%        N/A       36%         4
 Silence                  Hex/Air        6%         N/A       83%         5
 Agony                    Necr           4%         N/A       98%         5
 Alistair's Intoxication  Tmut/Pois      2%         N/A       98%         5
 Invisibility             Hex            10%        N/A       98%         6
 Lehudib's Crystal Spear  Conj/Erth      2%         10d2      100%        8


Dungeon Overview and Level Annotations

Branches:
Dungeon (7/15)             Temple (0/1) D:4

Altars:
Ashenzari
Cheibriados
Elyvilon
Nemelex Xobeh
Okawaru
Ru
Vehumet
Wu Jian
Yredelemnul

Annotations:
D:2 1 runed translucent door, Crazy Yiuf
D:5 3 runed translucent doors
D:7 Harold


Innate Abilities, Weirdness & Mutations

You are small and have problems with some larger weapons.
You are completely attuned to the shadows.


Message History

Your crimson imp closely misses the kobold brigand.
The kobold brigand throws a curare-tipped dart.
The curare-tipped dart completely misses your hound.
The curare-tipped dart hits you.
You are more poisoned.
You have difficulty breathing.
You feel as though you will be slow longer.
Casting: Call Canine Familiar (dangerous; 3% risk of failure)
Confirm with . or Enter, or press ? or * to list all spells.
A beastly little devil appears in a puff of flame.
* * * LOW HITPOINT WARNING * * *
You feel extremely sick.
The kobold hits your crimson imp with a +0 dagger.
Your hound misses the kobold brigand.
Your crimson imp hits the kobold brigand.
The kobold brigand throws a curare-tipped dart.
The curare-tipped dart hits your hound.
Your hound looks as sick as possible!
Your hound convulses.
Your hound dies!
Your hound's corpse disappears in a puff of smoke!
The kobold hits your crimson imp with a +0 dagger.
Your crimson imp closely misses the kobold brigand.
* * * LOW HITPOINT WARNING * * *
You feel very sick. Something hits your crimson imp.
Your crimson imp hits the kobold.
The kobold dies!
The kobold brigand throws a curare-tipped dart.
The curare-tipped dart completely misses you.
* * * LOW HITPOINT WARNING * * *
You feel very sick.
Your crimson imp closely misses the kobold brigand.
Your crimson imp blinks!
Casting: Call Imp (safe; 1% risk of failure)
Confirm with . or Enter, or press ? or * to list all spells.
* * * LOW HITPOINT WARNING * * *
You feel very sick.
The kobold brigand hits you with a +0 whip.
* * * LOW HITPOINT WARNING * * *
You swap places.
You die...

#..#.#.......#.# #
##..KK.....#..#.# #
#...5...........# #
#####))#..#.###..#.#
# ....†.5#..#.###..#
# ###.#.5#..#......#
.....K#..######.#
######5#..# #.######
..h.@$..# #..(....
####....# #.######
#.##.# #.# #.# .#
#.# ### ###


You could see a kobold brigand (ally target), a friendly hound (summoned) and 3
friendly crimson imps.

Vanquished Creatures
  A hornet (D:7)
  Menkaure (D:7)
  A water moccasin (D:7)
  An ice beast (D:6)
  2 ogres (D:6)
  2 bullfrogs (D:7)
  A scorpion (D:5)
  2 howler monkeys
  4 hounds
  A centaur skeleton (D:6)
  Jessica (D:3)
  An orc wizard (D:6)
  A killer bee zombie (D:6)
  A mummy (D:5)
  2 gnolls
  A howler monkey skeleton (D:4)
  3 adders
  A white imp (D:5)
  An adder skeleton (D:4)
  4 orcs
  5 bats
  6 endoplasms
  A giant cockroach (D:2)
  3 goblins
  2 hobgoblins
  4 jackals
  2 ball pythons
  3 frilled lizards
  3 kobolds
  2 rats
63 creatures vanquished.

Vanquished Creatures (collateral kills)
  A two-headed ogre (D:7)
  Grinder (D:6)
  Edmund (D:6)
  Duvessa (D:6)
  A kobold brigand (D:4)
  2 scorpions
  Dowan (D:6)
  3 hounds
  An orc priest (D:5)
  An iguana (D:5)
  4 gnolls
  An adder (D:2)
  A worm (D:2)
  9 orcs
  3 ball pythons
  An endoplasm (D:2)
  A giant cockroach (D:2)
  5 goblins
  4 hobgoblins
  6 jackals (D:4)
  2 kobolds (D:7)
  A rat (D:2)
51 creatures vanquished.

Vanquished Creatures (others)
  A withered plant (D:7)
1 creature vanquished.

Grand Total: 115 creatures vanquished

Notes
Turn   | Place    | Note
-------+----------+-------------------------------------------
     0 | D:1      | bilbop the Kobold Summoner began the quest for the Orb.
     0 | D:1      | Reached XP level 1. HP: 10/10 MP: 3/3
   499 | D:1      | Reached XP level 2. HP: 15/15 MP: 1/5
   621 | D:1      | Reached skill level 3 in Stealth
   679 | D:1      | Reached skill level 1 in Short Blades
  1302 | D:2      | Learned a level 2 spell: Call Imp
  1417 | D:2      | Reached XP level 3. HP: 16/20 MP: 1/6
  1807 | D:2      | Reached skill level 1 in Fighting
  1862 | D:2      | Found a faded altar of an unknown god.
  1867 | D:2      | Became a worshipper of Ashenzari the Shackled
  1932 | D:2      | Found a runed translucent door.
  1935 | D:2      | Noticed Crazy Yiuf
  2422 | D:3      | Found a white marble altar of Elyvilon.
  2786 | D:3      | Reached XP level 4. HP: 19/25 MP: 5/7
  2794 | D:3      | Noticed Jessica
  2796 | D:3      | Killed Jessica
  3048 | D:3      | Reached skill level 1 in Hexes
  3518 | D:3      | Reached XP level 5. HP: 17/29 MP: 1/9
  3743 | D:3      | Found an ornate altar of the Wu Jian Council.
  4489 | D:4      | Found an iron altar of Okawaru.
  4493 | D:4      | Reached skill level 1 in Invocations
  4693 | D:4      | Identified the +1 ring mail of Mitrosto {SInv}
  4708 | D:4      | Reached XP level 6. HP: 35/35 MP: 3/10
  4821 | D:4      | Found a staircase to the Ecumenical Temple.
  5037 | D:4      | Reached skill level 4 in Stealth
  5420 | D:5      | Entered Level 5 of the Dungeon
  5426 | D:5      | Learned a level 3 spell: Call Canine Familiar
  5456 | D:5      | Found a runed translucent gate.
  5462 | D:5      | Found a runed translucent gate.
  5463 | D:5      | Found a runed translucent gate.
  5466 | D:5      | Noticed a necrophage
  5644 | D:5      | Found a snail-covered altar of Cheibriados.
  6012 | D:5      | Reached XP level 7. HP: 40/40 MP: 11/11
  6436 | D:5      | Found a sacrificial altar of Ru.
  6990 | D:6      | Noticed Edmund
  7006 | D:6      | Killed Edmund
  7163 | D:6      | Found a radiant altar of Vehumet.
  7212 | D:6      | Reached skill level 5 in Summonings
  7212 | D:6      | Reached XP level 8. HP: 46/46 MP: 13/13
  7466 | D:6      | Reached skill level 5 in Stealth
  7702 | D:6      | Noticed Duvessa
  7702 | D:6      | Noticed Dowan
  7725 | D:6      | Killed Dowan
  7737 | D:6      | Killed Duvessa
  7825 | D:6      | Noticed Grinder
  7881 | D:6      | Killed Grinder
  8330 | D:7      | Noticed a hornet
  8345 | D:7      | Killed a hornet
  8346 | D:7      | Reached skill level 5 in Dodging
  8346 | D:7      | Reached XP level 9. HP: 52/52 MP: 13/15
  8356 | D:7      | Noticed Harold
  8411 | D:7      | Found a basalt altar of Yredelemnul.
  8423 | D:7      | Noticed a two-headed ogre
  8446 | D:7      | Killed a two-headed ogre
  8447 | D:7      | Reached skill level 5 in Short Blades
  8447 | D:7      | Reached skill level 6 in Stealth
  8576 | D:7      | Noticed Menkaure
  8580 | D:7      | Killed Menkaure
  8733 | D:7      | Found a sparkling altar of Nemelex Xobeh.
  8947 | D:7      | HP: 1/52 [kobold brigand (3)]
  8948 | D:7      | Succumbed to a kobold brigand's curare-tipped dart

Illustrated notes

Levels and vault maps discovered:
D:1:      wander_arrival_peaceful_grave, layout_loops_corners
D:2:      layout_basic, hellmonk_ecumenical_altar_leap_of_faith,
          uniq_crazy_yiuf_cottage
D:3:      layout_basic, overflow_temple_1_default,
          nicolae_elyvilon_peaceful_grove, uniq_jessica
D:4:      layout_basic, mainiacjoe_overflow_tiny_flanked,
          minmay_temple_entry_junction_2, minmay_crossroads
D:5:      layout_basic, pf_just_have_faith, slow_altar_2, gammafunk_ghost_split
D:6:      layout_loops_corners, mainiacjoe_overflow_surrounded_room,
          dk_noncrumbling_3, uniq_grinder, uniq_duvessa, uniq_edmund
D:7:      layout_basic, nemelex_spade_bored_becter, yredelemnul_altar_generic,
          uniq_menkaure, uniq_harold

Skill      XL: |  1  2  3  4  5  6  7  8  9 |
---------------+----------------------------+-----
Stealth        | 3 4 5 6 |  6.6
Short Blades   | 1 2 3 4 5 |  5.4
Fighting       | 1 2 3 4 |  4.4
Dodging        | 3 4 5 |  5.6
Hexes          | 1 2 3 4 |  4.2
Invocations    | 1 2 3 4 |  4.3
Spellcasting   | 3 4 |  4.8
Summonings     | 5 |  5.9

Action                   |  1- 3 |  4- 6 |  7- 9 || total
-------------------------+-------+-------+-------++-------
Melee: Dagger            |    69 |    68 |    62 ||   199
 Cast: Summon Small Mamm |    15 |     1 |     1 ||    17
       Call Imp          |     9 |    33 |    32 ||    74
       Call Canine Famil |       |     6 |    28 ||    34
Evoke: Wand              |       |       |     3 ||     3
  Use: Potion            |       |     1 |     1 ||     2
 Stab: Sleeping          |    16 |    14 |    21 ||    51
       Distracted        |       |     1 |     1 ||     2
Armor: Robe              |     5 |     1 |     7 ||    13
Dodge: Dodged            |    47 |    56 |    47 ||   150

Table legend: (Time is in decaauts)
 A = Elapsed time spent in this place.
 B = Non-inter-level travel time spent in this place.
 C = Inter-level travel time spent in this place.
 D = Time resting spent in this place.
 E = Time spent auto-exploring this place.
 F = Levels seen in this place.
 G = Mean time per level.
                   A        B        C        D        E       F      G
               +--------+--------+--------+--------+--------+-----+--------+
         Total |   8929 |   8316 |    613 |    756 |   6526 |   7 | 1275.6 |
       Dungeon |   8929 |   8316 |    613 |    756 |   6526 |   7 | 1275.6 |
               +--------+--------+--------+--------+--------+-----+--------+

Top non-repeatable levels by time:
     D:3: 1689 daAuts
     D:6: 1566 daAuts
     D:5: 1333 daAuts
     D:4: 1329 daAuts
     D:1: 1228 daAuts
     D:2: 1160 daAuts
     D:7: 619 daAuts
